 Dungeon Crawl Stone Soup version 0.23-a0-643-g9ccc95a (webtiles) character file.

368 galech the Chopper (level 6, -1/48 HPs)
             Began as a Demonspawn Fighter on Dec 31, 2018.
             Slain by an ogre
             ... wielding a +0 giant club
              (8 damage)
             ... on level 5 of the Dungeon.
             The game lasted 00:03:19 (3179 turns).

galech the Chopper (Demonspawn Fighter)             Turns: 3179, Time: 00:03:20

Health: -1/48      AC:  8    Str: 16    XL:     6   Next: 41%
Magic:  6/6        EV:  7    Int: 10    God:
Gold:   214        SH:  9    Dex: 14    Spells: 5/5 levels left

rFire    . . .     SeeInvis .   a - +0 war axe
rCold    . . .     Gourm    .   c - +0 shield
rNeg     . . .     Faith    .   b - +0 scale mail
rPois    .         Spirit   .   o - +0 helmet
rElec    .         Reflect  .   (no cloak)
rCorr    .         Harm     .   (no gloves)
MR       .....                  (no boots)
Stlth    ..........             (no amulet)
HPRegen  0.16/turn              (no ring)
MPRegen  0.10/turn              (no ring)

@: no status effects
A: claws 1
a: no special abilities


You were on level 5 of the Dungeon.
You were not hungry.

You visited 1 branch of the dungeon, and saw 5 of its levels.

You collected 214 gold pieces.

Inventory:

Hand Weapons
 a - a +0 war axe (weapon)
Armour
 b - a +0 scale mail (worn)
 c - a +0 shield (worn)
 o - a +0 helmet (worn)
Wands
 q - a wand of acid (9)
Scrolls
 d - a scroll of immolation
 h - a scroll of remove curse
 k - 2 scrolls of teleportation
 r - 2 scrolls of fear {unknown}
 s - 3 scrolls of blinking {unknown}
 t - a scroll of random uselessness {unknown}
Potions
 e - 2 potions of haste {unknown}
 j - a potion of degeneration {unknown}
 m - a potion of ambrosia {unknown}
 n - a potion of brilliance {unknown}
 p - a potion of magic {unknown}
 u - 2 potions of agility {unknown}
Comestibles
 f - 12 rations
 g - a chunk of flesh


   Skills:
 + Level 4.0 Fighting
 + Level 4.1 Axes
 + Level 3.7 Armour
 + Level 1.2 Dodging
 + Level 0.3 Stealth
 + Level 3.6 Shields


You had 5 spell levels left.
You didn't know any spells.
Your spell library was empty.

Dungeon Overview and Level Annotations

Branches:
Dungeon (5/15)
 Temple: D:4-7

Altars:
Cheibriados
Elyvilon
Sif Muna
Wu Jian
Xom
The Shining One


Innate Abilities, Weirdness & Mutations

You have sharp fingernails.


Message History

* * * LOW HITPOINT WARNING * * *
You hear a bark!
You are too injured to fight recklessly!
You are too injured to fight recklessly!
You are too injured to fight recklessly!
You barely miss the ogre.
The ogre is lightly wounded.
You hear a bark!
The ogre barely misses you.
You hear a bark!
You barely miss the ogre.
The ogre is lightly wounded.
You block the ogre's attack.
You hit the ogre.
The ogre is moderately wounded.
The ogre closely misses you. You block the ogre's attack.
You slash the ogre!
The ogre is heavily wounded.
The ogre hits you with a +0 giant club!
You die...

#### *** ###(.##### ***
*,***########.....$..####.*
**,,,.....................*
**,,,,..^........#.<......#*
*,,,,,......)..#########..#
**,,,,,......O@##***,,,,,,**
*,,,,,,......###*,,,,,,,,,**
*,,,,,,.....,* *,,,,,,,,,,*
*,,,,,,....,,* *,,,,,,,,,,*
*,,,,,,...,,,* *,,,,,,,,,**
*,,,,,,..,,,,** *,,,,,,,,**
*,,,,,,.,,,,,,* *******,**
*,,,,,,,,,,,,,* **,*
*,,,,,,,,,,,,,* *,,*


You could see an ogre.

Vanquished Creatures
  2 ogres (D:4)
  A worker ant zombie (D:5)
  6 adders
  4 gnolls (D:4)
  2 oozes (D:2)
  3 worms (D:2)
  2 dart slugs
  5 leopard geckos
  2 orcs
  7 bats
  4 giant cockroaches
  4 goblins
  6 hobgoblins
  3 kobolds (D:3)
  2 quokkas (D:2)
  2 ball pythons
  3 frilled lizards
  24 rats
82 creatures vanquished.

Notes
Turn   | Place    | Note
-------+----------+-------------------------------------------
     0 | D:1      | galech the Demonspawn Fighter began the quest for the Orb.
     0 | D:1      | Reached XP level 1. HP: 18/18 MP: 1/1
    65 | D:1      | Gained mutation: You have sharp fingernails. [demonic
                  | ancestry]
    65 | D:1      | Reached XP level 2. HP: 11/24 MP: 2/2
   716 | D:2      | Found a faded altar of an unknown god.
   751 | D:2      | Reached XP level 3. HP: 21/29 MP: 3/3
   852 | D:2      | Found a snail-covered altar of Cheibriados.
   853 | D:2      | Found a shimmering altar of Xom.
  1103 | D:2      | Reached XP level 4. HP: 37/37 MP: 4/4
  1182 | D:2      | Found a glowing golden altar of the Shining One.
  1704 | D:3      | Found a white marble altar of Elyvilon.
  2117 | D:3      | Found an ornate altar of the Wu Jian Council.
  2269 | D:4      | Reached skill level 1 in Dodging
  2675 | D:4      | Reached XP level 5. HP: 42/42 MP: 5/5
  2705 | D:4      | Noticed an ogre
  2711 | D:4      | Killed an ogre
  2715 | D:4      | Noticed an ogre
  2720 | D:4      | Killed an ogre
  2720 | D:4      | Reached XP level 6. HP: 39/48 MP: 6/6
  2945 | D:4      | Found a deep blue altar of Sif Muna.
  3153 | D:5      | Entered Level 5 of the Dungeon
  3179 | D:5      | Slain by an ogre

Vault maps used:
D:1:      nzn_arrival_settlement
D:2:      lemuel_doored_altar, chequers_temple_overflow_statue_of_worship,
          chequers_ecumenical_altar_simple_redux, minmay_rat_hole
D:3:      overflow_temple_1_default, elyvilon_altar_4
D:4:      kennysheep_mini
D:5:      vehumet_altar_wand_db, serial_glass, glass_columns_a, glass_columns_c,
          glass_columns_a, glass_columns_a, glass_columns_a, enter_ossuary_2,
          first_ration, uniq_pikel, uniq_menkaure

Skill      XL: |  1  2  3  4  5  6 |
---------------+-------------------+-----
Axes           | 2 3 4 |  4.1
Shields        | 3 |  3.6
Armour         | 3 |  3.7
Dodging        | 1 |  1.2
Fighting       | 4 |  4.0
Stealth        | |  0.3

Action                   |  1- 3 |  4- 6 || total
-------------------------+-------+-------++-------
Melee: War axe           |   115 |   129 ||   244
  Use: Potion            |       |     2 ||     2
       Scroll            |       |     5 ||     5
  Eat: Chunk             |     1 |     7 ||     8
Armor: Scale mail        |    58 |    70 ||   128
Dodge: Dodged            |    31 |    39 ||    70
Block: Shield            |    54 |    71 ||   125

Table legend:
 A = Non-vault XP
 B = Vault XP
 C = Vault XP percentage of total XP
 D = Non-vault monster count
 E = Vault monster count
 F = Vault count percentage of total count
                 A         B        C        D         E       F
            +---------+---------+-------+---------+---------+-------
      Total |     506 |      20 |   3.8 |      63 |      19 |  23.2
            +---------+---------+-------+---------+---------+-------
        D:1 |      32 |       0 |   0.0 |      17 |       0 |   0.0
        D:2 |      76 |      20 |  20.8 |      19 |      19 |  50.0
        D:3 |      29 |       0 |   0.0 |      10 |       0 |   0.0
        D:4 |     351 |       0 |   0.0 |      15 |       0 |   0.0
        D:5 |      18 |       0 |   0.0 |       2 |       0 |   0.0
            +---------+---------+-------+---------+---------+-------
